 Dungeon Crawl Stone Soup version 0.26-a0-1012-gedcf9b2963 (webtiles) character file.

Game seed: 18387801105929278890

1678602 ANON1729 the Rapturous (level 27, 248/248 (250) HPs)
             Began as a Minotaur Gladiator on Dec 7, 2020.
             Was a Follower of Uskayaw.
             Escaped with the Orb
             ... and 3 runes on Dec 8, 2020!
             The game lasted 03:41:22 (75371 turns).

ANON1729 the Rapturous (Minotaur Gladiator)        Turns: 75371, Time: 03:41:23

HP:   248/248 (250) AC: 38    Str: 27    XL:     27
MP:   37/37         EV: 21    Int:  8    God:    Uskayaw [*.....]
Gold: 3059          SH: 12    Dex: 18    Spells: 18/26 levels left

rFire    + + +     SeeInvis +   Y - +8 arc blade {discharge, rElec}
rCold    + . .     Faith    .   K - +3 buckler {rC+ rF+}
rNeg     + . .     Spirit   +   r - +9 plate armour "Isuq" {Rampage rN+ Int+2}
rPois    +         Reflect  .   c - +2 hat
rElec    +         Harm     +   G - +0 cloak of a bailey {Harm Dex+4}
rCorr    .         Rampage  +   p - +3 pair of gauntlets of War {Slay+5}
Will     +++..                  Q - +0 pair of boots
Stlth    ++........             D - amulet of the Shrike {Spirit rPois Slay+4}
HPRegen  0.51/turn              z - ring of see invisible
MPRegen  0.25/turn              e - ring "Horoim" {+Fly rElec rF+++ Str-4 Stlth+}

@: no status effects
A: retaliatory headbutt, hooves 1, horns 2, camouflage 1, agile 1, blurry vision
1, fire resistance 1, strong-willed 1, sense surroundings 1
0: Orb of Zot
}: 3/15 runes: barnacled, silver, gossamer
a: Stomp, Renounce Religion, Evoke Flight


You escaped.
You worshipped Uskayaw.
Uskayaw was greatly pleased with you.
You visited 10 branches of the dungeon, and saw 50 of its levels.

You collected 8673 gold pieces.
You spent 5614 gold pieces at shops.

Inventory:

Hand Weapons
 y - a +9 vampiric quick blade
 Y - the +8 arc blade (weapon) {discharge, rElec}
   (You found it on level 5 of the Lair of Beasts)

   It insulates you from electricity.
Missiles
 O - 112 poisoned darts (quivered)
Armour
 c - a +2 hat (worn)
 d - the +2 cloak of the Tormentor {rC+}
   (You found it on level 5 of the Vaults)

   It protects you from cold.
 p - the +3 pair of gauntlets of War (worn) {Slay+5}
   (You found it on level 3 of the Depths)

   It affects your accuracy and damage with ranged weapons and melee attacks
   (+5).
 r - the +9 plate armour "Isuq" (worn) {Rampage rN+ Int+2}
   (You bought it in a shop on level 3 of the Vaults)

   It affects your intelligence (+2).
   It protects you from negative energy.
   It bestows one free step when moving towards enemies.
 G - the +0 cloak of a bailey (worn) {Harm Dex+4}
   (You found it on level 2 of the Spider Nest)

   It affects your dexterity (+4).
   It increases damage dealt and taken.
 K - a +3 buckler of resistance (worn)
 Q - a +0 pair of boots (worn)
Jewellery
 e - the ring "Horoim" (right hand) {+Fly rElec rF+++ Str-4 Stlth+}
   (You found it on level 14 of the Dungeon)

   [ring of flight]

   It affects your strength (-4).
   It renders you almost immune to fire.
   It insulates you from electricity.
   It lets you fly.
   It makes you more stealthy.
 u - an uncursed ring of resist corrosion
 z - a ring of see invisible (left hand)
 A - an uncursed ring of willpower
 D - the amulet of the Shrike (around neck) {Spirit rPois Slay+4}
   (You acquired it on level 2 of the Shoals)

   [amulet of guardian spirit]

   It causes incoming damage to be split between your health and magic.
   It affects your accuracy and damage with ranged weapons and melee attacks
   (+4).
   It protects you from poison.
Wands
 a - a wand of digging (25)
 x - a wand of paralysis (22)
 C - a wand of disintegration (41)
 N - a wand of acid (28)
 P - a wand of iceblast (21)
 W - a wand of flame (176)
Scrolls
 g - 10 scrolls of fog
 j - 5 scrolls of immolation
 m - 20 scrolls of teleportation
 n - 11 scrolls of magic mapping
 q - 6 scrolls of enchant armour
 v - 7 scrolls of fear
 F - 3 scrolls of summoning
 L - 7 scrolls of vulnerability
 M - 10 scrolls of blinking
 S - 35 scrolls of remove curse
 U - 2 scrolls of holy word
 V - 4 scrolls of silence
 X - 8 scrolls of identify
Potions
 b - 15 potions of ambrosia
 f - 6 potions of invisibility
 h - 6 potions of heal wounds
 i - 7 potions of magic
 k - 8 potions of flight
 o - 24 potions of curing
 s - 2 potions of resistance
 w - 4 potions of berserk rage
 B - 6 potions of brilliance
 I - 4 potions of attraction
 J - 5 potions of haste
 R - 6 potions of might
 T - a potion of mutation
 Z - 5 potions of cancellation
Miscellaneous
 l - a phantom mirror
 t - a box of beasts
 E - a condenser vane
 H - a tin of tremorstones (2/2)


   Skills:
 + Level 21.3 Fighting
 * Level 22.4(23.4) Short Blades
 - Level 14.2(20.6) Long Blades
 - Level 2.7 Throwing
 + Level 19.6 Armour
 + Level 20.1 Dodging
 - Level 18.0 Stealth
 + Level 15.8 Shields
 * Level 23.0 Invocations
 + Level 8.5 Evocations


You had 18 spell levels left.
You knew the following spells:

 Your Spells              Type           Power        Failure   Level
a - Passwall              Tmut/Erth      #.......     97%         2
b - Inner Flame           Hex/Fire       #.......     99%         3
c - Ozocubu's Armour      Ice            #.......     99%         3

Your spell library contained the following spells:

 Spells                   Type           Power        Failure   Level
 Animate Skeleton         Necr           #.....       91%         1
 Apportation              Tloc           #.....       91%         1
 Corona                   Hex            #......      91%         1
 Foxfire                  Conj/Fire      #...         91%         1
 Freeze                   Ice            #...         91%         1
 Magic Dart               Conj           #...         91%         1
 Pain                     Necr           #...         91%         1
 Sandblast                Erth           #.....       91%         1
 Shock                    Conj/Air       #...         91%         1
 Sting                    Tmut/Pois      #...         91%         1
 Summon Small Mammal      Summ           #...         91%         1
 Blink                    Tloc           N/A          97%         2
 Call Imp                 Summ           #.......     97%         2
 Corpse Rot               Necr/Air       N/A          97%         2
 Poisonous Vapours        Pois/Air       #.....       97%         2
 Searing Ray              Conj           #.....       97%         2
 Slow                     Hex            #.......     97%         2
 Sublimation of Blood     Necr           #.........   97%         2
 Swiftness                Air            #.......     97%         2
 Conjure Flame            Conj/Fire      #.......     99%         3
 Dazzling Flash           Conj/Hex       #.....       99%         3
 Frozen Ramparts          Ice            #.....       99%         3
 Gell's Gravitas          Tloc           #.........   99%         3
 Ignite Poison            Fire/Tmut/Pois #.......     99%         3
 Lesser Beckoning         Tloc           #.........   99%         3
 Mephitic Cloud           Conj/Pois/Air  #.......     99%         3
 Portal Projectile        Hex/Tloc       #.....       99%         3
 Static Discharge         Conj/Air       #.......     99%         3
 Stone Arrow              Conj/Erth      #.....       99%         3
 Teleport Other           Tloc           #.......     99%         3
 Vampiric Draining        Necr           #.........   99%         3
 Airstrike                Air            #.........   100%        4
 Animate Dead             Necr           #.........   100%        4
 Cause Fear               Hex            #.........   100%        4
 Dispel Undead            Necr           #.......     100%        4
 Fulminant Prism          Conj/Hex       #.........   100%        4
 Hailstorm                Conj/Ice       #.......     100%        4
 Ice Form                 Ice/Tmut       #.......     100%        4
 Iskenderun's Mystic Bla  Conj/Tloc      #.......     100%        4
 Leda's Liquefaction      Hex/Erth       #.........   100%        4
 Olgreb's Toxic Radiance  Pois           #.......     100%        4
 Passage of Golubria      Tloc           N/A          100%        4
 Petrify                  Tmut/Erth      #.......     100%        4
 Sticky Flame             Conj/Fire      #.......     100%        4
 Summon Ice Beast         Ice/Summ       #.......     100%        4
 Summon Lightning Spire   Summ/Air       #.......     100%        4
 Agony                    Necr           #.......     100%        5
 Bolt of Magma            Conj/Fire/Erth #.........   100%        5
 Excruciating Wounds      Necr           #.........   100%        5
 Fireball                 Conj/Fire      #.........   100%        5
 Iskenderun's Battlesphe  Conj           #.......     100%        5
 Lee's Rapid Deconstruct  Erth           #.........   100%        5
 Lightning Bolt           Conj/Air       #.........   100%        5
 Metabolic Englaciation   Hex/Ice        #.........   100%        5
 Silence                  Hex/Air        #.........   100%        5
 Summon Forest            Summ/Tloc      #.........   100%        5
 Yara's Violent Unravell  Hex/Tmut       #.........   100%        5
 Conjure Ball Lightning   Conj/Air       #.........   100%        6
 Eringya's Noxious Bog    Tmut/Pois      #.........   100%        6
 Freezing Cloud           Conj/Ice/Air   #.........   100%        6
 Hydra Form               Tmut           #.........   100%        6
 Iron Shot                Conj/Erth      #.........   100%        6
 Ozocubu's Refrigeration  Ice            #.........   100%        6
 Simulacrum               Ice/Necr       #.........   100%        6
 Starburst                Conj/Fire      #.........   100%        6
 Statue Form              Tmut/Erth      #........    100%        6
 Malign Gateway           Summ/Tloc      #.........   100%        7
 Orb of Destruction       Conj           #.........   100%        7
 Spellforged Servitor     Conj/Summ      #.........   100%        7
 Summon Hydra             Summ           #.........   100%        7
 Discord                  Hex            #.........   100%        8
 Shatter                  Erth           #.........   100%        9


Dungeon Overview and Level Annotations

Branches:
Dungeon (15/15)            Temple (1/1) D:7            Lair (6/6) D:9
 Shoals (4/4) Lair:4       Spider (4/4) Lair:3        Slime (0/5) Lair:6
    Orc (2/2) D:11            Elf (3/3) Orc:2        Vaults (5/5) D:13
  Crypt (0/3) Vaults:2     Depths (5/5) D:15            Zot (5/5) Depths:5

Altars:
Ashenzari
Cheibriados
Dithmenos
Elyvilon
Fedhas
Gozag
Hepliaklqana
Kikubaaqudgha
Makhleb
Nemelex Xobeh
Okawaru
Qazlal
Ru
Sif Muna
Trog
Uskayaw
Vehumet
Wu Jian
Xom
Yredelemnul
Zin
The Shining One
Jiyva

Shops:
D:5 [   D:6 [   D:7 (   D:9 [   D:13 [(   D:15 (=*   Orc:1 *   Orc:2 :[[:
Elf:2 *   Shoals:1 =*   Shoals:3 =   Vaults:2 (   Vaults:3 [   Vaults:4 *
Depths:1 ?   Depths:3 *

Portals:
Hell: Depths:1 Depths:2 Depths:3 Depths:4 Depths:5
Abyss: Depths:1 Depths:3 Depths:4 Depths:5
Pandemonium: Depths:3
Ziggurat: Depths:3
Trove: D:12 (give 3 potions of resistance)

Annotations:
D:14 3 runed translucent doors
Lair:1 exclusions: downstairs and hydra
Spider:1 1 runed translucent door, Mecubb's ghost, journeyman DgWn
Elf:2 3 runed translucent doors, exclusion: 3 doors


Innate Abilities, Weirdness & Mutations

You reflexively headbutt those who attack you in melee.
You have a pair of horns on your head.
You have large cloven feet.
Your skin changes colour to match your surroundings (Stealth+).
You are agile. (Dex +2)
Scrolls take you a little longer to read.
Your flesh is heat resistant. (rF+)
You are strong-willed. (Will+)
You passively map a small area around you.


Message History

You climb upwards.
There is a stone staircase leading down here.
You can no longer pass through a line of other dancers.
Magic restored.
There is a stone staircase leading up here.
You climb upwards.
There is a stone staircase leading down here.
HP restored.
There is a stone staircase leading up here.
You climb upwards.
There is a stone staircase leading down here.
(D) Dungeon (T) Temple (L) Lair (A) Shoals (N) Spider Nest (M) Slime Pits (O) Orcish Mines (E) Elven Halls (V) Vaults (C) Crypt (U) Depths (H) Hell (Z) Zot
Where to? (Enter - D:1, ? - help)
Okay, then.
There is an open door here.
There is a staircase leading out of the dungeon here.
You have escaped!

♣♣.P..# ##'## #...#### # #♣♣P..#
##..>## #......# # ##♣♣.♣#
##.....# #####.###.# ##...#
##......###8.8#.###.# #
....####.......##.......##.######
.......'.......##................
....####.......##..8....##.####..
.#.## ##......#8.......##[# ##.
...# ##.....#@..........# ## .###
##...##8.......#### # .#
####'####..8....# .#
#....(.##.......# .#
#.##.####.......#
.########.##.#####8.8#..#
.#.............#######..#
.#.###.........#.# #### .#.#
#.##........# ♣♣♣


There were no monsters in sight!

Vanquished Creatures
  11 orbs of fire
  2 ancient liches (Zot:5)
  The ghost of Paarhy the Hoplite, a legendary MfBe of Trog (Vaults:4)
  3 juggernauts
  The ghost of Jikhluha the Slayer, a master BaIE of Ashenzari (Zot:4)
  Sojobo (Vaults:5)
  Frederick (Vaults:3)
  4 Killer Klowns
  Xtahua (Vaults:5)
  A caustic shrike (Depths:3)
  4 curse toes
  Jory (Vaults:4)
  5 golden dragons
  Arachne (Spider:2)
  3 electric golems
  13 tentacled monstrosities
  25 Orb Guardians (Zot:5)
  3 deep elf blademasters
  2 deep elf master archers (Elf:3)
  2 liches
  4 titans
  4 krakens (Shoals:3)
  7 death cobs
  11 quicksilver dragons
  5 sphinxes
  11 storm dragons
  16 shadow dragons
  14 tengu reavers
  2 daevas
  9 draconian monks
  Donald (Shoals:3)
  5 deep elf sorcerers
  11 fire giants
  5 draconian knights
  16 frost giants
  6 draconian scorchers
  7 ghost moths
  10 emperor scorpions
  4 iron dragons
  4 draconian shifters
  12 vault wardens
  Aizul (Shoals:2)
  12 ironheart preservers
  An angel (Depths:3)
  5 deep elf elementalists
  5 draconian stormcallers
  23 very ugly things
  4 draconian annihilators
  16 stone giants
  2 spriggan defenders
  A war gargoyle (Vaults:5)
  2 vampire knights
  11 entropy weavers
  6 deep elf demonologists
  A black sun (D:4)
  12 green draconians
  Nessos (D:12)
  4 black draconians
  5 deep elf annihilators
  6 dire elephants (Lair:6)
  6 yellow draconians
  7 red draconians
  9 white draconians
  27 purple draconians
  7 spark wasps
  A spectral quicksilver dragon (Zot:4)
  7 deep elf death magi
  14 ettins
  6 merfolk javelineers
  15 fire dragons
  Fannar (D:12)
  A monstrous demonspawn (D:4)
  8 merfolk impalers
  7 rakshasas
  6 deep elf high priests
  7 great orbs of eyes
  19 yaktaur captains
  10 ice dragons
  8 hydras
  10 ogre magi
  32 vault guards
  An anaconda (Lair:6)
  2 spriggan air magi
  6 merfolk avatars
  Erica (Orc:1)
  10 boulder beetles
  11 centaur warriors
  2 satyrs
  29 dancing weapons
  9 tengu warriors
  3 merfolk aquamancers
  29 two-headed ogres
  A death knight (Vaults:1)
  15 death yaks
  A queen ant (Spider:1)
  2 vampire magi (Depths:1)
  11 deep troll shamans
  10 deep troll earth magi
  4 spriggan berserkers
  Urug (D:12)
  25 deep elf knights
  A sun demon (D:14)
  2 spriggans
  A soul eater (D:4)
  5 orc high priests
  2 iron trolls
  The ghost of DungeonDestroyer the Blocker, a novice GnFi of Gozag (D:7)
  2 fire crabs (Shoals:2)
  2 shadow wraiths
  13 skeletal warriors
  8 unseen horrors
  6 hell knights (Depths:3)
  A quicksilver dragon simulacrum (Zot:4)
  22 sea snakes
  42 deep trolls
  A death drake (shapeshifter) (Depths:4)
  16 ironbrand convokers
  4 glowing orange brains
  2 flayed ghosts
  4 wizards
  A glowing orange brain (shapeshifter) (Vaults:4)
  A harpy (shapeshifter) (Vaults:3)
  18 deep elf archers
  3 phantasmal warriors
  2 wolf spider zombies
  7 necromancers
  19 orc knights
  A mana viper (shapeshifter) (Depths:4)
  51 wolf spiders
  21 orb spiders
  42 ugly things
  17 harpies
  6 cyclopes
  59 deep elf magi
  A cyclops (shapeshifter) (Vaults:5)
  7 orc sorcerers
  A shining eye (shapeshifter) (Depths:3)
  A shadow dragon skeleton (Vaults:3)
  A sphinx skeleton (Vaults:2)
  An elephant (shapeshifter) (Vaults:4)
  22 manticores
  8 large abominations (Depths:5)
  17 fauns
  A salamander (shapeshifter) (D:12)
  Maurice (D:8)
  28 moths of wrath
  8 merfolk sirens
  3 fire giant skeletons (Vaults:2)
  A stone giant skeleton (Vaults:2)
  3 black mambas
  5 elephants
  8 water nymphs
  A frost giant skeleton (Vaults:2)
  2 eyes of devastation (shapeshifter)
  4 torpor snails
  9 vault sentinels
  17 cane toads
  Maggie (D:6)
  3 gargoyles
  7 komodo dragons
  12 demonic crawlers
  A kobold demonologist (D:12)
  62 yaktaurs
  4 freezing wraiths
  An efreet (D:14)
  3 rime drakes
  A queen bee (shapeshifter) (Depths:3)
  8 trolls
  2 yaktaur skeletons
  4 tengu conjurers
  A troll (shapeshifter) (Elf:1)
  A golden dragon simulacrum (Zot:4)
  4 polar bears
  34 merfolk
  A queen bee (Lair:5)
  A hornet (shapeshifter) (Depths:3)
  13 hornets
  6 meliai
  15 blink frogs
  Prince Ribbit (D:5)
  32 jumping spiders
  A meliai (shapeshifter) (Vaults:1)
  31 slime creatures
  2 wind drakes
  14 dream sheep
  A dream sheep (shapeshifter) (Elf:1)
  A harpy skeleton (D:14)
  7 snapping turtles
  Sigmund (D:4)
  A centaur simulacrum (D:15)
  94 redbacks
  3 air elementals
  26 water elementals
  3 ettin skeletons
  35 tarantellas
  5 wyverns
  3 shadows
  3 wraiths
  4 basilisks
  19 yaks
  2 chaos spawn (Depths:5)
  3 fire elementals
  9 fire bats
  Grum (D:10)
  11 vampire mosquitoes
  4 small abominations (Depths:5)
  12 wargs
  20 water moccasins
  5 acid dragons
  23 soldier ants (Spider:1)
  Duvessa (D:5)
  A floating eye (shapeshifter) (Vaults:4)
  A floating eye (Depths:1)
  2 black bears
  A sky beast (shapeshifter) (Vaults:1)
  2 eyes of draining
  6 ice beasts
  35 orc warriors
  5 sky beasts
  6 phantoms
  7 necrophages
  8 boggarts
  11 wolves
  19 centaurs
  An elf skeleton (Vaults:2)
  37 ogres
  A big kobold (shapeshifter) (Vaults:1)
  A wyvern zombie (D:14)
  2 big kobolds
  15 bullfrogs
  2 human zombies (Vaults:1)
  4 earth elementals
  A glowing shapeshifter simulacrum (Vaults:5)
  Dowan (D:5)
  14 scorpions
  6 human skeletons
  A hornet simulacrum (D:14)
  39 killer bees
  19 wights
  A killer bee (shapeshifter) (Vaults:5)
  An electric eel (Spider:1)
  3 howler monkeys
  2 bullfrog zombies
  5 centaur zombies
  3 quasits
  A human simulacrum (Vaults:2)
  31 orc priests
  7 jellies
  Crazy Yiuf (D:6)
  5 hounds
  27 orc wizards
  3 bullfrog skeletons
  5 centaur skeletons
  Ijyb (D:5)
  Natasha (twice) (D:2)
  2 iguanas
  25 worker ants
  A hound zombie (D:11)
  2 hound skeletons (D:10)
  Robin (D:2)
  2 worker ant zombies
  4 gnolls
  10 adders
  A river rat (Lair:5)
  A shadow imp (D:4)
  4 white imps
  4 ufetubi
  2 oozes
  An adder skeleton (D:4)
  An adder zombie (D:8)
  2 worms (Lair:3)
  A worm (shapeshifter) (Vaults:5)
  2 dart slugs
  5 leopard geckos
  82 orcs
  3 ball pythons
  A giant cockroach (D:3)
  12 goblins
  8 hobgoblins
  11 jackals
  8 quokkas
  10 bats
  7 frilled lizards
  A jackal skeleton (D:6)
  13 kobolds
  A leopard gecko zombie (D:7)
  A quokka skeleton (D:6)
  7 rats
  2 crawling corpses (Elf:3)
  A fungus (Spider:2)
  15 tentacles (Shoals:3)
2444 creatures vanquished.

Vanquished Creatures (collateral kills)
  Erolcha (D:12)
  A merfolk avatar (Shoals:2)
  A sea snake (Shoals:2)
  2 merfolk (Shoals:2)
5 creatures vanquished.

Vanquished Creatures (others)
  A fire giant (Depths:4)
  A war gargoyle (Vaults:5)
  A boulder beetle (Vaults:5)
  A deep elf knight (Vaults:2)
  A shadow dragon zombie (Vaults:5)
  A water nymph (Shoals:4)
  2 yaktaurs (Vaults:5)
  A jumping spider (Spider:4)
  An orc warrior (Orc:1)
  A centaur (Depths:4)
  An orc wizard (D:8)
  An orc (Vaults:5)
  A bush (Lair:2)
  20 fungi
  161 plants
  9 tentacles (Shoals:3)
204 creatures vanquished.

Grand Total: 2653 creatures vanquished

Notes
Turn   | Place    | Note
-------+----------+-------------------------------------------
     0 | D:1      | ANON1729 the Minotaur Gladiator began the quest for the
                  | Orb.
     0 | D:1      | Reached XP level 1. HP: 18/18 MP: 0/0
   255 | D:1      | You fall into a shaft and drop 1 floor!
   363 | D:2      | Noticed Robin
   402 | D:2      | Reached XP level 2. HP: 25/25 MP: 1/1
   446 | D:2      | Killed Robin
   665 | D:2      | Noticed Natasha
   666 | D:2      | Noticed a crimson imp
   671 | D:2      | Noticed a crimson imp
   674 | D:2      | Noticed a crimson imp
   680 | D:2      | Killed Natasha
   681 | D:2      | Reached XP level 3. HP: 9/31 MP: 2/2
  1280 | D:1      | Reached XP level 4. HP: 33/38 MP: 3/3
  2370 | D:2      | Noticed Natasha
  2380 | D:2      | Killed Natasha
  3012 | D:3      | Found a hide-covered altar of Uskayaw.
  3059 | D:3      | Became a worshipper of Uskayaw the Reveller
  3143 | D:3      | Reached * piety under Uskayaw
  3147 | D:3      | Reached ** piety under Uskayaw
  3148 | D:3      | Reached skill level 1 in Armour
  3148 | D:3      | Reached XP level 5. HP: 43/46 MP: 4/4
  3592 | D:4      | Reached skill level 5 in Long Blades
  3636 | D:4      | Reached skill level 1 in Invocations
  3636 | D:4      | Reached *** piety under Uskayaw
  3648 | D:4      | Reached **** piety under Uskayaw
  3649 | D:4      | Reached XP level 6. HP: 37/52 MP: 1/6
  3978 | D:4      | Reached skill level 2 in Invocations
  4003 | D:4      | Found a broken altar of Ashenzari.
  4005 | D:4      | Noticed Sigmund
  4073 | D:4      | Found a blossoming altar of Fedhas.
  4174 | D:4      | Noticed an orc warrior
  4182 | D:4      | Killed an orc warrior
  4183 | D:4      | Reached skill level 5 in Dodging
  4183 | D:4      | Reached XP level 7. HP: 36/60 MP: 7/7
  4625 | D:4      | Found a shimmering altar of Xom.
  4664 | D:4      | Killed Sigmund
  4665 | D:4      | Reached skill level 3 in Invocations
  4880 | D:5      | Entered Level 5 of the Dungeon
  4945 | D:5      | Reached skill level 5 in Fighting
  5205 | D:5      | Reached XP level 8. HP: 68/68 MP: 9/9
  5230 | D:5      | Reached skill level 4 in Invocations
  5426 | D:5      | Noticed Dowan
  5426 | D:5      | Noticed Duvessa
  5574 | D:5      | Killed Duvessa
  6048 | D:5      | Noticed Ijyb
  6053 | D:5      | Killed Ijyb
  6089 | D:5      | Noticed Prince Ribbit
  6334 | D:5      | Found Jurirgh's Antique Armour Emporium.
  6342 | D:5      | Bought a glowing cloak for 232 gold pieces
  6409 | D:5      | Killed Prince Ribbit
  6410 | D:5      | Reached skill level 5 in Invocations
  6680 | D:5      | Got a warped hand axe
  6736 | D:5      | Identified the +6 hand axe "Suqa Bopt" {flame, Int+4} (You
                  | found it on level 5 of the Dungeon)
  6769 | D:5      | Reached XP level 9. HP: 55/75 MP: 12/12
  7358 | D:6      | Reached ***** piety under Uskayaw
  7375 | D:6      | Reached skill level 1 in Shields
  7603 | D:6      | Noticed Maggie
  7613 | D:6      | Reached skill level 5 in Armour
  7615 | D:6      | Killed Maggie
  7616 | D:6      | Reached skill level 1 in Stealth
  7616 | D:6      | Reached skill level 6 in Invocations
  8414 | D:6      | Found Xusez's Antique Armour Shop.
  8431 | D:6      | Bought a shimmering robe for 142 gold pieces
  8441 | D:6      | Identified the +1 robe of Wiecickemi {+Fly} (You bought it
                  | in a shop on level 6 of the Dungeon)
  8482 | D:6      | Found a runed translucent door.
  8483 | D:6      | Noticed Crazy Yiuf
  8715 | D:7      | Found Zotigaoh's Antique Weapon Emporium.
  8936 | D:7      | Found a transporter.
  8937 | D:7      | Noticed DungeonDestroyer's ghost (novice GnFi)
  8938 | D:7      | Identified the cursed +3 great mace of Touruypp {antimagic,
                  | Int+4 SInv}
  8945 | D:7      | Found a transporter.
  9146 | D:7      | Found a staircase to the Ecumenical Temple.
  9168 | Temple   | Entered the Ecumenical Temple
  9852 | D:7      | Reached XP level 10. HP: 83/84 MP: 13/13
 10421 | D:8      | Noticed a two-headed ogre
 11047 | D:8      | Killed a two-headed ogre
 11048 | D:8      | Reached skill level 7 in Invocations
 11250 | D:8      | Noticed Maurice
 11305 | D:8      | Killed Maurice
 11306 | D:8      | Reached skill level 10 in Long Blades
 11354 | D:8      | Found a shimmering altar of Xom.
 11610 | D:9      | Found a staircase to the Lair.
 11981 | D:9      | Found a hazy altar of Hepliaklqana.
 11981 | D:9      | Found a shadowy altar of Dithmenos.
 12050 | D:9      | Learned a level 2 spell: Passwall
 12054 | D:9      | Learned a level 3 spell: Inner Flame
 12087 | D:9      | Found a shimmering blue altar of Sif Muna.
 12256 | D:9      | Found Munedoih's Armour Shop.
 12835 | D:10     | Entered Level 10 of the Dungeon
 13340 | D:10     | Noticed an unseen horror
 13351 | D:10     | Killed an unseen horror
 13352 | D:10     | Reached XP level 11. HP: 83/94 MP: 15/15
 13372 | D:10     | Noticed an orc knight
 13382 | D:10     | Killed an orc knight
 13383 | D:10     | Reached skill level 8 in Invocations
 13649 | D:10     | Noticed a boulder beetle
 13675 | D:10     | Killed a boulder beetle
 13706 | D:10     | Noticed Grum
 13720 | D:10     | Killed Grum
 14017 | D:11     | Noticed a skeletal warrior
 14085 | Lair:1   | Entered Level 1 of the Lair of Beasts
 14196 | Lair:1   | Noticed a seven-headed hydra
 14240 | Lair:1   | Noticed a seven-headed hydra
 14287 | Lair:1   | Killed a seven-headed hydra
 14385 | Lair:1   | Noticed a six-headed hydra
 14403 | Lair:1   | Killed a six-headed hydra
 14808 | Lair:1   | Reached skill level 9 in Invocations
 15309 | Lair:2   | Noticed a death yak
 15350 | Lair:2   | Reached skill level 10 in Dodging
 15389 | Lair:2   | Noticed an eight-headed hydra
 15486 | Lair:2   | Noticed a death yak
 15499 | Lair:2   | Noticed a death yak
 15499 | Lair:2   | Noticed a death yak
 15552 | Lair:1   | Killed a death yak
 15573 | Lair:1   | Killed a death yak
 15574 | Lair:1   | Reached XP level 12. HP: 36/103 MP: 17/17
 15683 | Lair:1   | Reached XP level 13. HP: 119/119 MP: 18/18
 15684 | Lair:1   | Reached skill level 10 in Invocations
 15684 | Lair:1   | Reached XP level 14. HP: 127/127 MP: 18/20
 16599 | Lair:3   | Found a hole to the Spider Nest.
 17054 | Lair:3   | Reached skill level 11 in Invocations
 17428 | Lair:3   | Reached skill level 5 in Stealth
 17814 | Lair:4   | Found a staircase to the Shoals.
 18844 | Lair:5   | Reached ****** piety under Uskayaw
 19041 | Lair:5   | Found the +8 arc blade {discharge, rElec}
 19345 | Lair:5   | Got a masterwork falchion
 19346 | Lair:5   | Lost intelligence.
 19346 | Lair:5   | Identified the cursed +1 falchion "Befush" {freeze, +Blink
                  | rPois Int-5 Stlth-} (You found it on level 5 of the Lair of
                  | Beasts)
 19911 | Lair:5   | Reached skill level 1 in Short Blades
 20127 | Lair:6   | Entered Level 6 of the Lair of Beasts
 20735 | Lair:6   | Found a viscous altar of Jiyva.
 20736 | Lair:6   | Found a staircase to the Slime Pits.
 20909 | Lair:6   | Reached skill level 12 in Invocations
 20915 | Lair:6   | Reached XP level 15. HP: 126/134 MP: 23/23
 21226 | Lair:6   | Identified the cursed +1 ring mail "Otal" {rElec rF+ Str+3}
                  | (You found it on level 6 of the Lair of Beasts)
 21771 | Lair:6   | Got a jewelled hand crossbow
 21772 | Lair:6   | Identified the +3 hand crossbow of Uleigaot {venom, *Slow
                  | rPois Str+4} (You found it on level 6 of the Lair of
                  | Beasts)
 22922 | D:11     | Reached skill level 5 in Short Blades
 23107 | D:11     | Reached skill level 10 in Armour
 23417 | D:11     | Found a staircase to the Orcish Mines.
 23659 | D:12     | Noticed Erolcha
 23662 | D:12     | Killed Erolcha
 23950 | D:12     | Found a portal to a secret trove of treasure.
 24124 | D:12     | Noticed Fannar
 24129 | D:12     | Killed Fannar
 24277 | D:12     | Noticed Urug
 24293 | D:12     | Killed Urug
 24391 | D:12     | Noticed Nessos
 24460 | D:12     | Killed Nessos
 24953 | D:13     | Found Eruhaak's Antique Weapon Shop.
 25104 | D:13     | Reached skill level 13 in Invocations
 25192 | D:13     | Found a glowing golden altar of the Shining One.
 25213 | D:13     | Found a gate to the Vaults.
 25269 | D:13     | Reached XP level 16. HP: 54/144 MP: 24/24
 25413 | D:13     | Found Coluyhonn's Antique Armour Emporium.
 25648 | D:14     | Found a runed translucent gate.
 25648 | D:14     | Found a runed translucent gate.
 25648 | D:14     | Found a runed translucent gate.
 25825 | D:14     | Noticed a tengu reaver
 25881 | D:14     | Killed a tengu reaver
 25977 | D:14     | Identified Ninuss's Catalogue of Flight and the Blaze
 25985 | D:14     | Identified the ring "Horoim" {+Fly rElec rF+++ Str-4
                  | Stlth+} (You found it on level 14 of the Dungeon)
 26060 | D:14     | Found a shimmering altar of Xom.
 26774 | D:15     | Entered Level 15 of the Dungeon
 26811 | D:15     | Found Fassew's Antique Weapon Shop.
 26878 | D:15     | Found Qojusm's Jewellery Shop.
 26902 | D:15     | Bought a cursed amulet of inaccuracy for 30 gold pieces
 26927 | D:15     | Found Ycez's Assorted Antiques.
 26940 | D:15     | Bought a scroll of blinking for 232 gold pieces
 27325 | D:15     | Found a staircase to the Depths.
 28237 | Orc:1    | Entered Level 1 of the Orcish Mines
 28303 | Orc:1    | Noticed Erica
 28310 | Orc:1    | Killed Erica
 28411 | Orc:1    | Found Maunucug's Assorted Antiques.
 28719 | Orc:2    | Entered Level 2 of the Orcish Mines
 29095 | Orc:2    | Reached skill level 14 in Invocations
 29254 | Orc:2    | Found Ciewkig's Antique Armour Shoppe.
 29254 | Orc:2    | Found Eceghuko's Book Shop.
 29266 | Orc:2    | Found Sacoeb's Armour Shop.
 29266 | Orc:2    | Found Edakuag's Book Shoppe.
 29565 | Orc:2    | Found a staircase to the Elven Halls.
 29883 | Elf:1    | Entered Level 1 of the Elven Halls
 30621 | Elf:1    | Reached XP level 17. HP: 152/152 MP: 26/26
 30851 | Elf:1    | Reached skill level 10 in Short Blades
 30865 | Elf:1    | Reached skill level 15 in Fighting
 31412 | Elf:2    | Found Orodech's General Store.
 31444 | Elf:2    | Found a runed translucent gate.
 31445 | Elf:2    | Found a runed translucent gate.
 31447 | Elf:2    | Found a runed translucent gate.
 32854 | Elf:2    | Noticed a deep elf blademaster
 33067 | Elf:2    | Killed a deep elf blademaster
 33347 | Elf:2    | Reached skill level 15 in Invocations
 33601 | Elf:3    | Entered Level 3 of the Elven Halls
 34790 | D:6      | Bought a runed scarf for 200 gold pieces
 34857 | D:6      | Killed Crazy Yiuf
 34917 | D:7      | Killed DungeonDestroyer's ghost
 35042 | Spider:1 | Entered Level 1 of the Spider Nest
 35323 | Shoals:1 | Entered Level 1 of the Shoals
 35925 | Shoals:1 | Found Tolomp's Jewellery Shoppe.
 35977 | Shoals:1 | Reached XP level 18. HP: 133/165 MP: 28/28
 36107 | Shoals:1 | Found Nurar's Island Escapes.
 36424 | Shoals:1 | Bought a scroll of blinking for 75 gold pieces
 36424 | Shoals:1 | Bought a scroll of fog for 20 gold pieces
 36424 | Shoals:1 | Bought a potion of invisibility for 80 gold pieces
 36424 | Shoals:1 | Bought a scroll of teleportation for 30 gold pieces
 36443 | Shoals:2 | Identified a scroll of acquirement
 36491 | Shoals:2 | Noticed Aizul
 36498 | Shoals:2 | Killed Aizul
 36712 | Shoals:2 | Acquired the amulet of the Shrike {Spirit rPois Slay+4}
 37633 | Shoals:2 | Acquired 830 gold pieces
 38426 | D:5      | Bought a steaming crystal plate armour for 2635 gold pieces
 38426 | D:5      | Identified the +7 crystal plate armour of the Shining Light
                  | {-Tele +Fly rElec rPois} (You bought it in a shop on level
                  | 5 of the Dungeon)
 38468 | D:5      | Killed Dowan
 38798 | Spider:1 | Reached skill level 5 in Shields
 39021 | Spider:1 | Found a runed translucent door.
 39025 | Spider:1 | Reached skill level 15 in Dodging
 39026 | Spider:1 | Noticed Mecubb's ghost (journeyman DgWn)
 40132 | Spider:2 | Reached skill level 16 in Invocations
 40158 | Spider:2 | Noticed Arachne
 40185 | Spider:2 | Killed Arachne
 40645 | Spider:2 | Identified the cursed +0 cloak of a bailey {Harm Dex+4}
                  | (You found it on level 2 of the Spider Nest)
 40679 | Spider:2 | Acquired a manual of Stealth
 40977 | Spider:2 | Reached skill level 10 in Stealth
 41479 | Spider:3 | Reached XP level 19. HP: 171/172 MP: 30/30
 41704 | Spider:3 | Reached skill level 1 in Evocations
 42596 | Spider:4 | Entered Level 4 of the Spider Nest
 43832 | Spider:4 | Got a gossamer rune of Zot
 44489 | Shoals:3 | Found Xomevom's Jewellery Shop.
 45580 | Shoals:3 | Noticed Donald
 45597 | Shoals:3 | Killed Donald
 45839 | Shoals:4 | Entered Level 4 of the Shoals
 46188 | Shoals:4 | Reached skill level 17 in Invocations
 46188 | Shoals:4 | Reached XP level 20. HP: 180/182 MP: 31/31
 46250 | Shoals:4 | Identified the cursed +1 quarterstaff of Disharmony {flame,
                  | Dex+2}
 47305 | Shoals:4 | Got a barnacled rune of Zot
 47725 | Elf:3    | Identified the +7 scimitar of Watchfulness {elec, rN+}
 47725 | Elf:3    | Identified the cursed +0 kite shield of Pathos {Str+2}
 47746 | Elf:3    | Identified the +3 short sword of Untimely Demise {vorpal,
                  | *Corrode rPois rF+ WL+}
 47754 | Elf:3    | Identified the +7 dagger of Hugulof {flame, rElec WL+
                  | Int+2}
 47763 | Elf:3    | Reached skill level 15 in Short Blades
 48187 | Elf:3    | Identified the +9 flail of Melee {freeze, rElec Int+4}
 48203 | Elf:3    | Identified Zygott's Reference Book on Toxic Confrontation
 48228 | Elf:3    | Identified the +1 helmet "Naoppul" {rF+ MP+9} (You found it
                  | on level 3 of the Elven Halls)
 48237 | Elf:3    | Identified the Catalogue of Summoning and the Birds
 48240 | Elf:3    | Identified the amulet of Fank {Reflect Int+4 SH+5} (You
                  | found it on level 3 of the Elven Halls)
 48718 | Vaults:1 | Entered Level 1 of the Vaults
 49807 | Vaults:1 | Reached XP level 21. HP: 176/191 MP: 29/32
 50889 | Vaults:2 | Found a staircase to the Crypt.
 51263 | Vaults:2 | Reached skill level 18 in Invocations
 51311 | Vaults:2 | Reached skill level 15 in Armour
 51819 | Vaults:2 | Found Qanum's Antique Weapon Shoppe.
 51965 | Vaults:2 | Learned a level 3 spell: Ozocubu's Armour
 53932 | Vaults:3 | Reached skill level 15 in Stealth
 54008 | Vaults:3 | Reached XP level 22. HP: 189/201 MP: 30/34
 54122 | Vaults:3 | Found Qisath's Antique Armour Shoppe.
 54311 | Vaults:3 | You fall into a shaft and drop 1 floor!
 54810 | Vaults:3 | Noticed Frederick
 54827 | Vaults:3 | Killed Frederick
 54936 | Vaults:3 | Bought a transparent plate armour for 840 gold pieces
 54936 | Vaults:3 | Bought a faintly humming buckler for 285 gold pieces
 54936 | Vaults:3 | Identified the +2 buckler "Tadiza" {rF+ Str+3 Dex-3 SInv}
                  | (You bought it in a shop on level 3 of the Vaults)
 54937 | Vaults:3 | Identified the +9 plate armour "Isuq" {Rampage rN+ Int+2}
                  | (You bought it in a shop on level 3 of the Vaults)
 55192 | Vaults:4 | Found Roozische's General Store.
 55210 | Vaults:4 | Bought a scroll of identify for 46 gold pieces
 56121 | Vaults:4 | Found a runed translucent door.
 56121 | Vaults:4 | Noticed Paarhy's ghost (legendary MfBe)
 56231 | Vaults:4 | Killed Paarhy's ghost
 56459 | Depths:1 | Entered Level 1 of the Depths
 56489 | Depths:1 | Found a one-way gate to the infinite horrors of the Abyss.
 56951 | Depths:1 | Found Rapifaj's Magic Scroll Boutique.
 56968 | Depths:1 | Bought a scroll of identify for 26 gold pieces
 56968 | Depths:1 | Bought a scroll of enchant weapon for 97 gold pieces
 56968 | Depths:1 | Bought a scroll of enchant armour for 97 gold pieces
 57140 | Depths:1 | Reached skill level 19 in Invocations
 57268 | Depths:1 | Found a gateway to Hell.
 58082 | Depths:2 | Reached skill level 10 in Shields
 58234 | Depths:2 | Reached XP level 23. HP: 208/209 MP: 35/35
 59551 | Depths:3 | You fall into a shaft and drop 2 floors!
 59551 | Depths:5 | Entered Level 5 of the Depths
 59565 | Depths:5 | Found an iron altar of Okawaru.
 60335 | Depths:5 | Paralysed by a sphinx for 5 turns
 60730 | Depths:5 | Found a gate to the Realm of Zot.
 61012 | Depths:5 | Identified the +5 falchion "Xiffiyl" {vorpal, Int+3} (You
                  | found it on level 5 of the Depths)
 61802 | Depths:4 | You fall into a shaft and drop 1 floor!
 62210 | Depths:4 | Reached XP level 24. HP: 189/218 MP: 31/35
 62352 | Depths:4 | You fall into a shaft and drop 1 floor!
 62835 | Depths:4 | Noticed a juggernaut
 62844 | Depths:4 | Killed a juggernaut
 63361 | Depths:3 | Reached skill level 20 in Invocations
 63600 | Depths:3 | Found a one-way gate leading to the halls of Pandemonium.
 63640 | Depths:3 | Found Hecerrer's General Store.
 63649 | Depths:3 | Bought a potion of haste for 110 gold pieces
 63649 | Depths:3 | Bought an uncursed ring of resist corrosion for 220 gold
                  | pieces
 63805 | Depths:3 | Noticed a juggernaut
 63817 | Depths:3 | Killed a juggernaut
 64234 | Depths:3 | Noticed a juggernaut
 64235 | Depths:3 | Found the +3 pair of gauntlets of War {Slay+5}
 64258 | Depths:3 | Killed a juggernaut
 64522 | Depths:3 | Gained mutation: Your muscles are strong. (Str +2) [a
                  | shining eye]
 64591 | Depths:3 | Found a gateway to a ziggurat.
 65154 | D:5      | Bought a runed hat for 217 gold pieces
 65531 | Vaults:5 | Entered Level 5 of the Vaults
 65679 | Vaults:4 | Reached XP level 25. HP: 180/226 MP: 34/36
 65867 | Vaults:5 | Noticed Sojobo
 65876 | Vaults:5 | Killed Sojobo
 65877 | Vaults:5 | Noticed Jory
 66115 | Vaults:4 | Killed Jory
 67160 | Vaults:5 | Identified the +3 ring mail of Youthful Indiscretion {rElec
                  | WL+} (You found it on level 5 of the Vaults)
 67187 | Vaults:5 | Noticed Xtahua
 67192 | Vaults:5 | Killed Xtahua
 67460 | Vaults:5 | Got a silver rune of Zot
 67688 | Vaults:5 | Identified the +2 cloak of the Tormentor {rC+} (You found
                  | it on level 5 of the Vaults)
 68056 | Zot:1    | Entered Level 1 of the Realm of Zot
 68319 | Zot:1    | Reached skill level 21 in Invocations
 68946 | Zot:2    | You fall into a shaft and drop 1 floor!
 69211 | Zot:3    | Reached XP level 26. HP: 189/236 MP: 33/36
 70686 | Zot:2    | Reached skill level 5 in Evocations
 71253 | Zot:4    | Found a transporter.
 71267 | Zot:4    | Found a transporter.
 71267 | Zot:4    | Noticed Jikhluha's ghost (master BaIE)
 72465 | Zot:4    | Killed Jikhluha's ghost
 72466 | Zot:4    | Reached XP level 27. HP: 246/246 MP: 35/36
 72602 | Zot:4    | Reached skill level 22 in Invocations
 72605 | Zot:5    | Entered Level 5 of the Realm of Zot
 73271 | Zot:5    | Noticed an orb of fire
 73271 | Zot:5    | Noticed an orb of fire
 73279 | Zot:5    | Noticed an orb of fire
 73280 | Zot:5    | Noticed an orb of fire
 73283 | Zot:5    | Noticed an orb of fire
 73284 | Zot:5    | Killed an orb of fire
 73285 | Zot:5    | Killed an orb of fire
 73285 | Zot:5    | Killed an orb of fire
 73285 | Zot:5    | Killed an orb of fire
 73285 | Zot:5    | Noticed an orb of fire
 73293 | Zot:5    | Killed an orb of fire
 73293 | Zot:5    | Noticed an orb of fire
 73294 | Zot:5    | Reached skill level 15 in Shields
 73294 | Zot:5    | Noticed an ancient lich
 73295 | Zot:5    | Noticed an orb of fire
 73300 | Zot:5    | Gained mutation: You do not regenerate when monsters are
                  | visible. [an orb of fire]
 73303 | Zot:5    | Noticed an orb of fire
 73303 | Zot:5    | Gained mutation: You are clumsy. (Dex -2) [an orb of fire]
 73305 | Zot:4    | Killed an orb of fire
 73445 | Zot:5    | Gained mutation: Your magical capacity is low. (-10% MP)
                  | [an orb of fire]
 73450 | Zot:5    | Noticed an orb of fire
 73451 | Zot:5    | Killed an orb of fire
 73452 | Zot:5    | Killed an orb of fire
 73453 | Zot:5    | Killed an ancient lich
 73453 | Zot:5    | Killed an orb of fire
 73453 | Zot:5    | Noticed an orb of fire
 73454 | Zot:5    | Killed an orb of fire
 73455 | Zot:5    | Noticed an ancient lich
 73457 | Zot:5    | Gained mutation: Scrolls take you a little longer to read.
                  | [an orb of fire]
 73461 | Zot:5    | Gained mutation: Your magical capacity is very low. (-20%
                  | MP) [an orb of fire]
 73468 | Zot:4    | Killed an orb of fire
 73849 | Zot:5    | Killed an ancient lich
 74614 | Zot:5    | Lost mutation: Your magical capacity is very low. (-20% MP)
                  | [potion of mutation]
 74614 | Zot:5    | Gained mutation: You are frail. (-10% HP) [potion of
                  | mutation]
 74614 | Zot:5    | Gained mutation: You are strong-willed. (Will+) [potion of
                  | mutation]
 74614 | Zot:5    | Gained mutation: Your mind is acute. (Int +2) [potion of
                  | mutation]
 74615 | Zot:5    | Lost mutation: Your mind is acute. (Int +2) [potion of
                  | mutation]
 74615 | Zot:5    | Lost mutation: Your magical capacity is low. (-10% MP)
                  | [potion of mutation]
 74615 | Zot:5    | Lost mutation: You do not regenerate when monsters are
                  | visible. [potion of mutation]
 74615 | Zot:5    | Gained mutation: You have large cloven feet. [potion of
                  | mutation]
 74615 | Zot:5    | Gained mutation: You are very frail. (-20% HP) [potion of
                  | mutation]
 74615 | Zot:5    | Gained mutation: You passively map a small area around you.
                  | [potion of mutation]
 74616 | Zot:5    | Lost mutation: You are clumsy. (Dex -2) [potion of
                  | mutation]
 74616 | Zot:5    | Lost mutation: Your muscles are strong. (Str +2) [potion of
                  | mutation]
 74616 | Zot:5    | Lost mutation: You are very frail. (-20% HP) [potion of
                  | mutation]
 74616 | Zot:5    | Gained mutation: Your flesh is heat resistant. (rF+)
                  | [potion of mutation]
 74616 | Zot:5    | Lost mutation: You are frail. (-10% HP) [potion of
                  | mutation]
 74616 | Zot:5    | Gained mutation: Your skin changes colour to match your
                  | surroundings (Stealth+). [potion of mutation]
 74616 | Zot:5    | Gained mutation: You are agile. (Dex +2) [potion of
                  | mutation]
 74731 | Zot:5    | Got the Orb of Zot
 75033 | D:12     | Noticed a seraph
 75174 | D:8      | Reached skill level 23 in Invocations
 75371 | D:$      | Escaped with the Orb!

Illustrated notes

Levels and vault maps discovered:
D:1:      mrwooster_arrival_statue_2, layout_loops_corners, serial_forest,
          infiniplex_forest_straight_1, infiniplex_forest_straight_4,
          infiniplex_forest_corner_2, infiniplex_forest_clump_diagonal,
          infiniplex_forest_split, infiniplex_forest_clump_double,
          infiniplex_forest_clump_large, infiniplex_forest_clump_double,
          serial_park_tiny_pond
D:2:      layout_basic, bh_walls_and_bars, uniq_robin, uniq_natasha
D:3:      layout_basic, lemuel_crystal_altar
D:4:      layout_rooms, marbit_many_paths, grunt_temple_overflow_open,
          minivault_23, uniq_sigmund
D:5:      minmay_thinvault, layout_loops_ring, serial_shops, shop,
          minmay_misc_feat_roman, uniq_ijyb, uniq_prince_ribbit1, uniq_duvessa
D:6:      layout_loops_ring, serial_shops, shop, uniq_maggie,
          uniq_crazy_yiuf_cottage
D:7:      layout_basic, minmay_temple_entry_tees, gammafunk_ghost_smash,
          serial_shops, nicolae_shop_trees, kennysheep_generic_room_13
D:8:      layout_basic, basic_altar, chequers_arboretum, uniq_maurice
D:9:      layout_loops_ring, riverfiend_overflow_shadow_ancestor,
          general_overflow_altar, david_lair_generic, serial_shops,
          nicolae_shop_statue_plus
D:10:     layout_roguey, uniq_grum
D:11:     layout_irregular_city, orc_0_dummy
D:12:     layout_cave_pools, nicolae_trove_entry_crystal,
          minmay_shattered_shrine, uniq_erolcha, uniq_fannar, uniq_nessos,
          uniq_urug
D:13:     layout_long_grid, erik_vaults_2, serial_shops, shop,
          nicolae_shop_stone, tso_metal_star
D:14:     minmay_strange_plus, layout_stronghold, chequers_avenue,
          ploomutoo_gammafunk_ghost_potion_laboratory, basic_altar
D:15:     grunt_enter_depths_hoard, layout_basic, serial_shops, shop,
          nicolae_shop_crystal, nicolae_shop_trees, kennysheep_crisscross
Temple:   regret_index_temple_generic_petals
Lair:1:   layout_chaotic_city, grunt_megastairs_3, infiniplex_staircase_pool
Lair:2:   layout_chaotic_city, roderic_carrion_pond
Lair:3:   layout_roguey, nicolae_spider_entry_non_spiders,
          chequers_serial_rivers_large_b
Lair:4:   layout_hall_layers, shoals_dummy_entry
Lair:5:   regret_index_bee_streams, layout_misc_corridors,
          infiniplex_staircase_pool_2
Lair:6:   due_jungle_book, layout_layer_cave, dpeg_slime_entry_enclosed_altar
Shoals:1: cheibrodos_shoals_baths, layout_shoals, serial_shops, shop,
          nicolae_island_escapes
Shoals:2: layout_shoals, hangedman_shoal_volcano, uniq_aizul
Shoals:3: layout_shoals, minmay_shop_enchanted_jewellery,
          nicolae_shoals_kraken_party, uniq_donald
Shoals:4: shoals_end_grunt_ice, layout_shoals
Spider:1: layout_spider_delve, ebering_ghost_inner_flame, minivault_29
Spider:2: spiders_nest_scorpion_pit, drop_trap, uniq_arachne
Spider:3: layout_spider_delve
Spider:4: grunt_spider_rune_circles, drop_trap, nicolae_arachne_temple
Orc:1:    layout_caves, serial_shops, shop, uniq_erica
Orc:2:    grunt_orc_tribal_feast, layout_caves
Elf:1:    layout_loops_cross, hangedman_elven_crosses_minicolossus
Elf:2:    layout_loops_corners, serial_shops, shop_fountains
Elf:3:    elf_hall, layout_geoelf_grid
Vaults:1: dpeg_vaults_monster_box, v_misc_31, hangedman_vaults_impose,
          vaults_standard_mumra_lines, nicolae_vaults_network_barrier,
          vaults_dpeg_cross, nicolae_vaults_mini_display_case, v_alt_pattern_3,
          nicolae_vaults_arrows, ontoclasm_vaults_loading_screen,
          layout_vaults_maze_snakey
Vaults:2: hangedman_vaults_trim, nicolae_vaults_quadrants,
          hangedman_vaults_nails, minmay_crypt_entry_skeletal_spiral,
          nicolae_vaults_rhombus_5, ontoclasm_vaults_spin, v_misc_2,
          nicolae_vaults_big_ls, vaults_room_fours, nicolae_vaults_rhombus_5,
          layout_vaults_ring, serial_shops, nicolae_shop_trees, uniq_margery
Vaults:3: vaults_mumra_lcd, nicolae_vaults_network_quincunx
          [nicolae_vaults_network_quincunx_subvault,
          nicolae_vaults_network_quincunx_subvault,
          nicolae_vaults_network_quincunx_subvault,
          nicolae_vaults_network_quincunx_subvault,
          nicolae_vaults_network_quincunx_subvault], dpeg_vaults_monster_row,
          hangedman_vaults_corner_blocks, vaults_room_door_hall,
          hangedman_vaults_nodes, ontoclasm_vaults_tryst, vaults_room_boxed,
          nicolae_vaults_windows_and_doors_thing, v_misc_25,
          nicolae_vaults_diagonal_hallway_7, layout_vaults_big_cross,
          serial_shops, nicolae_shop_statue_plus, uniq_frederick
Vaults:4: ebering_vaults_ghost_inner_flame, ontoclasm_vaults_gallery, v_misc_32,
          grunt_vaults_hallway_short, hangedman_vaults_stretched_pinwheel,
          ontoclasm_vaults_eye, ontoclasm_vaults_chip, v_misc_22,
          nicolae_vaults_little_squares_4, v_pattern_1, layout_vaults_big_room,
          serial_shops, shop
Vaults:5: serial_shops, uniq_jory, uniq_xtahua, uniq_sojobo
Depths:1: layout_cave_pools, serial_shops, shop, abyss_entry,
          kennysheep_minor_cross, pf_hell_entry_tar_spiral, serial_bayou_ford_a,
          kennysheep_generic_room_7
Depths:2: cell_vault, layout_honeycomb, solitary_fountain, pf_coc_iceberg
Depths:3: minmay_tile_spiral, layout_cave_pools, enter_ziggurat_c, serial_shops,
          nicolae_shop_trees, abyss_entry, rand_demon_pan_entry_1,
          grunt_metal_band, kennysheep_potato
Depths:4: evilmike_horseshoe, layout_cave_pools, hell_entry, fountainhead,
          abyss_entry, minivault_14
Depths:5: evilmike_zot_entry_basic, layout_basic, minmay_room_of_horrors,
          hell_entry, okawaru_ov_weapons_minmay, minmay_misc_feat_chi
Zot:1:    layout_gridlike
Zot:2:    cheibrodos_zot_enchanting_chambers, layout_misc_corridors,
          st_stairs_11
Zot:3:    layout_misc_corridors
Zot:4:    layout_cathedral_of_symmetry, gammafunk_ghost_mausoleum,
          grunt_megastairs_4
Zot:5:    layout_cathedral_of_symmetry

Skill      XL: |  1  2  3  4  5  6  7  8  9 10 11 12 13 14 15 16 17 18 19 20 21 22 23 24 25 26 27 |
---------------+----------------------------------------------------------------------------------+-----
Fighting       | 3 4 5 6 7 8 12 13 14 15 16 17 18 19 20 21 | 21.3
Long Blades    | 4 5 6 8 9 10 11 13 14 | 14.2
Dodging        | 4 5 6 7 8 10 11 13 14 15 16 17 18 19 20 | 20.1
Armour         | 1 2 3 4 5 6 7 9 10 11 12 13 14 15 16 17 18 19 | 19.6
Invocations    | 1 2 3 5 6 7 9 10 12 13 14 15 16 17 18 19 20 21 23 | 23.0
Shields        | 2 4 5 7 8 10 11 12 13 14 15 | 15.8
Stealth        | 1 3 4 5 7 8 9 10 12 14 15 16 17 18 | 18.0
Short Blades   | 2 7 9 11 13 14 15 16 17 18 19 20 21 22 | 22.4
Evocations     | 3 6 8 |  8.5
Throwing       | |  2.7

Action                   |  1- 3 |  4- 6 |  7- 9 | 10-12 | 13-15 | 16-18 | 19-21 | 22-24 | 25-27 || total
-------------------------+-------+-------+-------+-------+-------+-------+-------+-------+-------++-------
Melee: Long sword        |    73 |   131 |    76 |   183 |   282 |       |       |       |       ||   745
       Headbutt          |     6 |    18 |    72 |    85 |   177 |   325 |   387 |   379 |   268 ||  1717
       Dagger            |       |       |   157 |   146 |    10 |       |       |       |       ||   313
       Hand axe          |       |       |     3 |       |       |       |       |       |       ||     3
       Scimitar          |       |       |    87 |    53 |       |       |       |       |       ||   140
       Rapier            |       |       |       |       |   499 |  1639 |  1483 |  1233 |   753 ||  5607
       Quick blade       |       |       |       |       |       |       |    46 |   132 |    87 ||   265
Throw: Throwing net      |       |     2 |     1 |     1 |       |       |       |       |       ||     4
       Dart              |       |       |     5 |    10 |    10 |     1 |     1 |       |       ||    27
Invok: Stomp             |       |     1 |     1 |       |       |     1 |       |       |       ||     3
       Line Pass         |       |       |       |       |       |     2 |     2 |       |       ||     4
       Grand Finale      |       |       |       |       |       |     1 |       |       |     3 ||     4
 Abil: Evoke Flight      |       |       |       |       |       |    11 |    13 |       |       ||    24
       Stop Flying       |       |       |       |       |       |     2 |     1 |       |       ||     3
Evoke: Wand              |       |       |    23 |     4 |    17 |    23 |    16 |     2 |       ||    85
       Tin of tremorston |       |       |       |       |       |       |       |       |     1 ||     1
  Use: Potion            |       |     2 |       |     1 |     1 |     4 |     9 |     3 |     6 ||    26
       Scroll            |       |       |    13 |     8 |     9 |    21 |    12 |    12 |     5 ||    80
 Stab: Paralysed         |       |     1 |    10 |     9 |    54 |   114 |   119 |   146 |    98 ||   551
       Invisible         |       |     1 |       |       |       |       |       |       |       ||     1
       Sleeping          |       |       |       |     2 |    13 |    22 |       |    23 |     5 ||    65
       Distracted        |       |       |       |       |     1 |     2 |       |     4 |     1 ||     8
       Betrayed ally     |       |       |       |       |     1 |       |       |       |       ||     1
       Confused          |       |       |       |       |       |     1 |     1 |       |       ||     2
       Held in net/web   |       |       |       |       |       |       |     2 |       |       ||     2
Armor: Leather armour    |    26 |     8 |       |       |       |       |       |       |       ||    34
       Scale mail        |       |    60 |    85 |    51 |       |       |       |       |       ||   196
       Troll leather arm |       |       |       |    54 |   173 |   179 |       |       |       ||   406
       Crystal plate arm |       |       |       |       |       |   262 |   682 |    31 |       ||   975
       Plate armour      |       |       |       |       |       |       |       |   323 |   258 ||   581
Dodge: Dodged            |    65 |    99 |   145 |   219 |   526 |   671 |   435 |   415 |   373 ||  2948
Block: Buckler           |       |       |       |    41 |   132 |   262 |   323 |   332 |   246 ||  1336
       Rpst.: Long sword |    12 |    20 |    10 |    27 |    60 |       |       |       |       ||   129
       Scimitar          |       |       |    11 |     3 |       |       |       |       |       ||    14

Table legend: (Time is in decaauts)
 A = Elapsed time spent in this place.
 B = Non-inter-level travel time spent in this place.
 C = Inter-level travel time spent in this place.
 D = Time resting spent in this place.
 E = Time spent auto-exploring this place.
 F = Levels seen in this place.
 G = Mean time per level.
                   A        B        C        D        E       F      G
               +--------+--------+--------+--------+--------+-----+--------+
         Total |  72979 |  66475 |   6504 |  12961 |  39008 |  50 | 1459.6 |
       Dungeon |  20980 |  18205 |   2775 |   3640 |  10476 |  15 | 1398.7 |
        Temple |    371 |    346 |     25 |    130 |    211 |   1 |  371.0 |
          Lair |   9600 |   8663 |    937 |   2498 |   4059 |   6 | 1600.0 |
        Shoals |   5744 |   5404 |    340 |   1268 |   2798 |   4 | 1436.0 |
   Spider Nest |   5077 |   4635 |    442 |    420 |   2903 |   4 | 1269.2 |
  Orcish Mines |   1976 |   1774 |    202 |    489 |    906 |   2 |  988.0 |
   Elven Halls |   5219 |   4779 |    440 |   1476 |   1842 |   3 | 1739.7 |
        Vaults |   9431 |   8791 |    640 |    743 |   6483 |   5 | 1886.2 |
        Depths |   8081 |   7660 |    421 |    934 |   5378 |   5 | 1616.2 |
           Zot |   6495 |   6217 |    278 |   1361 |   3950 |   5 | 1299.0 |
               +--------+--------+--------+--------+--------+-----+--------+

Top non-repeatable levels by time:
     D:5: 2624 daAuts
Vaults:3: 2369 daAuts
  Lair:5: 2295 daAuts
Vaults:2: 2196 daAuts
   Elf:2: 2048 daAuts
Vaults:4: 2041 daAuts
   Zot:4: 2015 daAuts
  Lair:6: 1986 daAuts
Depths:2: 1967 daAuts
     D:8: 1820 daAuts
Depths:5: 1816 daAuts
Depths:4: 1796 daAuts
Shoals:2: 1749 daAuts
     D:6: 1748 daAuts
   Elf:3: 1674 daAuts
